AoeStats
← anthony008

Lombardia

509564075Analyzed
2v2 RM · 5d ago on Sep 27, 2026· 121m 49s· 4 players
Game mode
Random Map
Map size
Medium (4 player)
Population
200
Speed
Normal
Resources
Standard
Victory
Conquest
Starting age
Dark Age
Ending age
Imperial Age
RankedLock teamsTeams togetherTeam positionsShared explorationLock speedFull tech treeHidden civsTurbo modeCheats
Victory
Defeat
🇳🇿 Franks · New Zealand
589
+12
🇳🇿 Mongols · New Zealand
583
+13
🇺🇸 Burgundians · United States
525
-13
🇫🇷 Malians · France
496
-12
anthony008
2:16 Loom
13:32 Feudal Age
15:27 Wheelbarrow
15:50 Town Watch
19:38 Castle Age
17:34 Double-Bit Axe
17:34 Horse Collar
18:21 Stone Mining
18:45 Gold Mining
20:28 Pikeman
25:51 Bow Saw
27:17 Hand Cart
27:44 Murder Holes
30:42 Heavy Plow
30:56 Scale Mail Armor
35:49 Imperial Age
35:11 Stone Shaft Mining
35:12 Gold Shaft Mining
35:07 Masonry
34:39 Treadmill Crane
35:21 Ballistics
34:52 Guard Tower
36:56 Town Patrol
38:47 Tigui
39:10 Conscription
39:28 Caravan
40:13 Guilds
43:12 Squires
42:57 Arson
43:33 Forging
43:38 Chain Mail Armor
43:29 Scale Barding Armor
43:15 Fletching
43:26 Padded Archer Armor
44:56 Chemistry
44:27 Architecture
44:34 Keep
44:12 Fortified Wall
43:26 Elite Skirmisher
44:12 Thumb Ring
44:01 Capped Ram
45:43 Man-at-Arms
46:55 Fervor
47:22 Long Swordsman
48:45 Crop Rotation
48:57 Plate Mail Armor
49:03 Iron Casting
48:23 Bodkin Arrow
48:44 Leather Archer Armor
48:50 Chain Barding Armor
49:10 Hoardings
49:01 Two-Handed Swordsman
50:19 Elite Gbeto
50:30 Sappers
52:25 Farimba
51:50 Light Cavalry
52:41 Bloodlines
52:31 Husbandry
52:10 Crossbowman
53:55 Coinage
53:17 Arbalester
55:27 Champion
56:53 Ring Archer Armor
58:02 Plate Barding Armor
60:46 Heavy Cavalry Archer
72:05 Onager
76:54 Heavy Camel Rider
76:59 Cavalier
86:39 Banking
86:27 Clinker Construction
86:28 Careening
86:52 Siege Onager
plouga
1:03 Loom
7:09 Double-Bit Axe
8:55 Horse Collar
11:20 Wheelbarrow
16:00 Feudal Age
15:05 Gold Mining
15:06 Stone Mining
19:02 Gold Shaft Mining
19:03 Stone Shaft Mining
18:43 Bow Saw
18:37 Heavy Plow
20:10 Caravan
22:50 Castle Age
24:34 Hand Cart
25:33 Two-Man Saw
26:59 Burgundian Vineyards
30:48 Imperial Age
30:01 Town Watch
34:15 Crop Rotation
34:18 Town Patrol
37:29 Elite Coustillier
37:33 Cavalier
38:39 Husbandry
40:28 Guilds
40:52 Forging
40:48 Scale Barding Armor
40:34 Fletching
40:45 Padded Archer Armor
41:31 Paladin
41:32 Light Cavalry
43:32 Chemistry
42:43 Fortified Wall
42:28 Murder Holes
42:45 Masonry
42:57 Ballistics
44:19 Iron Casting
43:41 Bodkin Arrow
44:01 Leather Archer Armor
44:07 Chain Barding Armor
43:25 Hussar
44:50 Elite Skirmisher
44:50 Crossbowman
46:26 Architecture
46:23 Conscription
46:39 Hoardings
50:06 Treadmill Crane
51:18 Plate Barding Armor
51:44 Blast Furnace
50:46 Bracer
87:56 Scale Mail Armor
Caucasian Rat
10:27 Feudal Age
11:01 Double-Bit Axe
15:43 Loom
16:03 Gold Mining
19:40 Castle Age
17:49 Man-at-Arms
20:49 Bow Saw
22:41 Wheelbarrow
24:21 Husbandry
24:36 Forging
24:28 Scale Mail Armor
24:29 Long Swordsman
26:26 Town Watch
30:02 Hand Cart
30:26 Town Patrol
32:53 Stone Mining
33:38 Gold Shaft Mining
36:34 Imperial Age
36:41 Chain Mail Armor
37:02 Iron Casting
36:32 Scale Barding Armor
36:55 Cavalier
38:09 Plate Mail Armor
37:03 Two-Handed Swordsman
37:46 Squires
38:55 Paladin
40:06 Champion
40:35 Gambesons
41:41 Pikeman
42:06 Arson
42:49 Chain Barding Armor
43:31 Heavy Scorpion
47:11 Murder Holes
47:37 Ballistics
47:03 Arrowslits
47:00 Treadmill Crane
47:31 Masonry
47:27 Siege Engineers
47:33 Fortified Wall
46:46 Elite Throwing Axeman
47:47 Conscription
50:52 Halberdier
52:38 Blast Furnace
52:14 Plate Barding Armor
53:11 Caravan
55:54 Hoardings
55:04 Capped Ram
58:00 Chivalry
65:54 Coinage
68:27 Banking
68:51 Light Cavalry
gluestick656
12:12 Feudal Age
21:07 Castle Age
20:08 Bloodlines
23:29 Husbandry
28:48 Town Watch
29:39 Wheelbarrow
28:49 Loom
30:59 Scale Barding Armor
31:05 Forging
32:59 Town Patrol
33:42 Double-Bit Axe
33:40 Horse Collar
37:03 Imperial Age
34:41 Gold Mining
34:41 Stone Mining
35:37 Murder Holes
37:19 Hand Cart
37:18 Bow Saw
38:38 Iron Casting
40:04 Nomads
39:46 Elite Steppe Lancer
43:26 Blast Furnace
43:14 Ballistics
43:13 Siege Engineers
45:16 Heavy Plow
47:39 Drill
48:01 Hoardings
47:48 Conscription
47:21 Onager
47:22 Heavy Scorpion
50:00 Fortified Wall
51:55 Gold Shaft Mining
55:27 Chain Barding Armor
55:05 Fletching
55:03 Pikeman
55:04 Man-at-Arms
55:44 Squires
55:31 Arson
65:10 Long Swordsman
68:20 Caravan
76:31 Capped Ram
98:07 Cavalier
109:13 Siege Ram
Connection lost

Rejoining the realm…

Still unreachable

The connection could not be restored.

Session expired

The server has moved on; the page needs a fresh start.